 Dungeon Crawl Stone Soup version 0.19-a0-1827-g174f941 (webtiles) character file.

232 jerryfan the Chiller (level 5, -2/39 HPs)
             Began as a Draconian Ice Elementalist on Oct 7, 2016.
             Slain by an ogre
             ... wielding a +0 giant club
              (22 damage)
             ... on level 4 of the Dungeon.
             The game lasted 00:20:17 (3118 turns).

jerryfan the Chiller (Draconian Ice Elementalist)   Turns: 3118, Time: 00:20:17

Health: -2/39      AC:  6    Str: 11    XL:     5   Next: 73%
Magic:  10/10      EV: 12    Int: 16    God:
Gold:   111        SH:  0    Dex: 11    Spells: 3 memorised, 4 levels left

rFire  . . .     SeeInvis .     p - +3 short sword (speed)
rCold  . . .     Gourm    .     (armour unavailable)
rNeg   . . .     Faith    .     (no shield)
rPois  .         Spirit   .     (helmet restricted)
rElec  .         Dismiss  +     h - +0 cloak
rCorr  .         Reflect  .     (no gloves)
MR     .....     Harm     .     m - -1 pair of boots (curse)
Stlth  ++........               k - amulet of dismissal
                                (no ring)
                                (no ring)

@: no status effects
A: unfitting armour, cold-blooded, AC +5
a: no special abilities


You were on level 4 of the Dungeon.
You were not hungry.

You visited 1 branch of the dungeon, and saw 4 of its levels.

You collected 111 gold pieces.

Inventory:

Hand Weapons
 e - a +0 club
 i - a +0 short sword
 j - a +0 whip
 p - a +3 short sword of speed (weapon)
Missiles
 d - 117 stones (quivered)
Armour
 g - a +0 cloak
 h - a +0 cloak (worn)
 m - a cursed -1 pair of boots (worn)
Jewellery
 k - an amulet of dismissal (around neck)
Scrolls
 l - 3 scrolls of identify
 q - a scroll of amnesia
Potions
 f - a potion of heal wounds
 n - 2 potions of curing
Books
 a - a book of Frost

   Spells                             Type                      Level
   a - Freeze                         Ice                          1
   b - Throw Frost                    Conjuration/Ice              2
   c - Ozocubu's Armour               Charms/Ice                   3
   d - Throw Icicle                   Conjuration/Ice              4
   e - Summon Ice Beast               Ice/Summoning                4
Comestibles
 b - 2 bread rations
 c - a slice of pizza


   Skills:
 + Level 0.4 Fighting
 + Level 0.8 Short Blades
 + Level 0.8 Maces & Flails
 + Level 0.1 Throwing
 + Level 2.5 Dodging
 + Level 2.6 Stealth
 + Level 0.2 Unarmed Combat
 + Level 3.3 Spellcasting
 + Level 1.4 Conjurations
 + Level 0.5 Charms
 + Level 4.1 Ice Magic


You had 4 spell levels left.
You knew the following spells:

 Your Spells              Type           Power        Failure   Level  Hunger
a - Freeze                Ice            ###.         3%          1    None
b - Throw Frost           Conj/Ice       ##....       10%         2    ##.....
c - Ozocubu's Armour      Chrm/Ice       ##......     21%         3    ###....


Dungeon Overview and Level Annotations

Branches:
Dungeon (4/15)
 Temple: D:4-7

Altars:
The Shining One

Annotations:
D:3 Grinder; vible's ghost, amateur OgAK


Innate Abilities, Weirdness & Mutations

Your plain brown scales are hard. (AC +5)
You cannot fit into any form of body armour.
You are cold-blooded and may be slowed by cold attacks.


Message History

There is a stone staircase leading up, spattered with blood here.
You see here 5 gold pieces.
There is a stone staircase leading down here.
Okay, then.
Okay, then.
The ogre barely misses you. The ogre hits you with a giant club!!
Ouch! That really hurt!
There is an open door here.
You see here a giant spiked club.
You hit the ogre.
Your tail-slap misses the ogre.
The ogre is lightly wounded.
You puncture the ogre! You tail-slap the ogre.
The ogre is severely wounded.
The ogre closely misses you.
You completely miss the ogre.
The ogre is severely wounded.
The ogre hits you with a giant club!!
Ouch! That really hurt!
You die...

##'## #.#.## #.#
#.### #.# #.# #
##.## #.# ## ##...##
#.# .# #.....# #.#
.# ##...## #.# .#
##.#########.#
.#######....O..O@<.#
.........###########
##########


You could see 2 ogres.

Vanquished Creatures
  An ogre (D:4)
  An orc wizard (D:4)
  4 adders
  An ooze (D:3)
  3 dart slugs (D:2)
  4 leopard geckos
  3 orcs
  2 ball pythons
  4 giant cockroaches
  5 goblins
  3 hobgoblins
  7 jackals (D:3)
  A quokka (D:2)
  9 bats
  3 frilled lizards
  4 kobolds
  10 rats
65 creatures vanquished.

Notes
Turn   | Place    | Note
-------+----------+-------------------------------------------
     0 | D:1      | jerryfan the Draconian Ice Elementalist began the quest for the Orb.
     0 | D:1      | Reached XP level 1. HP: 14/14 MP: 3/3
   127 | D:1      | Reached XP level 2. HP: 18/20 MP: 5/5
   722 | D:2      | Reached XP level 3. HP: 23/26 MP: 1/6
  1023 | D:2      | Learned a level 2 spell: Throw Frost
  1027 | D:2      | Reached XP level 4. HP: 33/33 MP: 3/8
  1137 | D:3      | Noticed Grinder
  1154 | D:3      | Paralysed by Grinder for 5 turns
  1171 | D:3      | Paralysed by Grinder for 7 turns
  1617 | D:3      | Noticed vible's ghost (amateur OgAK)
  2132 | D:3      | Paralysed by Grinder for 3 turns
  2289 | D:2      | Learned a level 3 spell: Ozocubu's Armour
  2410 | D:4      | Noticed an ogre
  2554 | D:4      | Killed an ogre
  2554 | D:4      | Reached skill level 4 in Ice Magic
  2554 | D:4      | Reached XP level 5. HP: 3/39 MP: 2/10
  2871 | D:4      | Noticed an ogre
  2914 | D:4      | Noticed an ogre
  2927 | D:4      | Found a glowing golden altar of the Shining One.
  3118 | D:4      | Slain by an ogre

Vault maps used:
D:1:      dpeg_arrival_rooms_b
D:2:      first_bread
D:3:      uniq_grinder
D:4:      tso_metal_star, grunt_qazlal_sundering, uniq_blork_the_orc

Skill      XL: |  1  2  3  4 |
---------------+-------------+-----
Dodging        | 2 |  2.5
Stealth        | 2 |  2.6
Spellcasting   | 3 |  3.3
Ice Magic      | 4 |  4.1
Fighting       | |  0.4
Short Blades   | |  0.8
Maces & Flails | |  0.8
Throwing       | |  0.1
Unarmed Combat | |  0.2
Conjurations   | |  1.4
Charms         | |  0.5

Action                   |  1- 3 |  4- 6 || total
-------------------------+-------+-------++-------
Melee: Club              |    15 |       ||    15
       Unarmed           |    13 |       ||    13
       Tailslap          |     5 |    11 ||    16
       Whip              |    53 |       ||    53
       Short sword       |     3 |    93 ||    96
Throw: Stone             |       |     4 ||     4
 Cast: Freeze            |    36 |    12 ||    48
       Throw Frost       |     1 |    18 ||    19
       Ozocubu's Armour  |       |     3 ||     3
  Use: Scroll            |     2 |     5 ||     7
       Potion            |     2 |     1 ||     3
 Stab: Sleeping          |     4 |     1 ||     5
  Eat: Chunk             |     1 |     3 ||     4
       Bread ration      |       |     1 ||     1
       Pizza             |       |     1 ||     1
Armor: Skin              |    42 |    33 ||    75
Dodge: Dodged            |    95 |    68 ||   163
